 Dungeon Crawl Stone Soup version 0.24.0-13-gcf9b3192b9 (webtiles) character file.

Game seed: 16228260229636884850, levelgen mode: deterministic

9448 Oravi the Party-goer (level 11, -3/56 HPs)
             Began as a Vine Stalker Hunter on Nov 6, 2019.
             Was a Follower of Uskayaw.
             Slain by a gargoyle
             ... wielding a cursed -1 morningstar
              (17 damage)
             ... on level 11 of the Dungeon.
             The game lasted 00:42:08 (11154 turns).

Oravi the Party-goer (Vine Stalker Hunter)         Turns: 11154, Time: 00:42:08

Health: -3/56      AC:  7    Str: 19    XL:     11   Next: 46%
Magic:  0/19       EV: 13    Int: 11    God:    Uskayaw [*.....]
Gold:   212        SH:  0    Dex: 14    Spells: 10/10 levels left

rFire    + . .     SeeInvis .   b - +1 dagger (venom)
rCold    . . .     Gourm    .   (no shield)
rNeg     . . .     Faith    .   C - +2 leather armour {rF+}
rPois    +         Spirit   +   L - +2 hat
rElec    .         Reflect  .   (no cloak)
rCorr    .         Harm     .   (no gloves)
MR       ++...                  (no boots)
Stlth    ++++......             (no amulet)
HPRegen  0.58/turn              e - ring of poison resistance
MPRegen  0.16/turn              F - ring of protection from magic

@: about to teleport
A: fangs 3, regeneration 1, magic shield, antimagic bite, no potion heal 3, rot
immunity
a: Stomp, Renounce Religion


You were on level 11 of the Dungeon.
You worshipped Uskayaw.
Uskayaw was aware of your devotion.
You were not hungry.

You visited 2 branches of the dungeon, and saw 12 of its levels.

You collected 525 gold pieces.
You spent 313 gold pieces at shops.

Inventory:

Hand Weapons
 a - a +2 hunting sling
 b - a +1 dagger of venom (weapon)
 M - a +0 rapier
 Q - a +0 short sword
Missiles
 d - 73 sling bullets
 j - 212 stones
 n - 33 poisoned darts (quivered)
 z - 14 boomerangs
 A - 12 curare-tipped darts {!f}
 E - 126 arrows
Armour
 g - a +0 scale mail
 i - a cursed +0 robe
 t - a +2 robe of magic resistance
 C - a +2 leather armour of fire resistance (worn)
 L - a +2 hat (worn)
Jewellery
 e - a ring of poison resistance (left hand)
 B - an uncursed ring of wizardry
 F - a ring of protection from magic (right hand)
 T - an uncursed ring of resist corrosion {unknown}
Wands
 K - a wand of digging (3)
 P - a wand of paralysis (8)
 R - a wand of disintegration (17)
Scrolls
 c - a scroll of magic mapping {unknown}
 k - a scroll of enchant weapon
 l - a scroll of teleportation
 p - 2 scrolls of immolation {unknown}
 y - 2 scrolls of fog {unknown}
 G - 3 scrolls of fear
 I - a scroll of holy word {unknown}
 J - 5 scrolls of identify {@r1}
 N - 8 scrolls of remove curse {@r2}
 S - a scroll of enchant armour {unknown}
 U - a scroll of amnesia
 V - a scroll of blinking {unknown}
Potions
 h - 2 potions of berserk rage
 m - 2 potions of haste
 o - 6 potions of curing {@q1}
 q - 2 potions of magic
 r - 3 potions of degeneration
 s - a potion of lignification
 u - 2 potions of brilliance
 v - a potion of ambrosia
 w - a potion of might
 x - a potion of heal wounds
 D - a potion of flight
 H - a potion of agility
Comestibles
 f - 18 rations
 O - 5 chunks of flesh


   Skills:
 + Level 5.7 Fighting
 * Level 7.8 Short Blades
 - Level 3.6(5.0) Slings
 + Level 5.2(5.8) Throwing
 + Level 3.2 Armour
 + Level 4.0 Dodging
 + Level 7.8 Stealth
 * Level 9.7 Invocations


You had 10 spell levels left.
You didn't know any spells.
Your spell library contained the following spells:

 Spells                   Type           Power        Failure   Level  Hunger
 Confusing Touch          Hex            #.....       38%         1    ##.....
 Freeze                   Ice            #...         38%         1    ##.....
 Throw Frost              Conj/Ice       #.....       54%         2    ###....
 Confuse                  Hex            #.......     77%         3    ####...
 Gell's Gravitas          Tloc           #.........   77%         3    ####...
 Ozocubu's Armour         Chrm/Ice       #.......     77%         3    ####...
 Petrify                  Tmut/Erth      #.......     99%         4    #####..
 Summon Ice Beast         Ice/Summ       #.......     99%         4    #####..
 Throw Icicle             Conj/Ice       #.......     99%         4    #####..
 Metabolic Englaciation   Hex/Ice        #.........   100%        5    ######.
 Yara's Violent Unravell  Hex/Tmut       #.........   100%        5    ######.


Dungeon Overview and Level Annotations

Branches:
Dungeon (11/15)            Temple (1/1) D:5
   Lair: D:8-11         Orc: D:9-12

Altars:
Ashenzari
Cheibriados
Dithmenos
Elyvilon
Fedhas
Gozag
Kikubaaqudgha
Nemelex Xobeh
Okawaru
Qazlal
Ru
Trog
Uskayaw
Vehumet
Wu Jian
Xom
Yredelemnul
Zin
The Shining One

Shops:
D:9 *

Annotations:
D:4 1 runed translucent door, Crazy Yiuf
D:8 6 exclusions
D:10 1 exclusion


Innate Abilities, Weirdness & Mutations

You have razor-sharp teeth.
Your natural rate of healing is unusually fast.
When hurt, damage is shared between your health and your magic reserves.
Your bite disrupts and absorbs the magic of your enemies.
Potions cannot restore your health.
You are immune to rotting.


Message History

The gargoyle hits you with a cursed -1 morningstar!!
Firing (i - inventory. (/) - cycle)
d - 74 sling bullets (quivered)
Aim: a gargoyle, wielding a -1 morningstar (heavily damaged)
The sling bullet hits the gargoyle but does no damage.
The gargoyle is heavily damaged.
The gargoyle hits you with a cursed -1 morningstar!
* * * LOW HITPOINT WARNING * * *
You are too injured to fight recklessly!
Your +1 dagger of venom begins to drip with poison!
b - a +1 dagger of venom (weapon)
You are too injured to fight recklessly!
You are too injured to fight recklessly!
You hit the gargoyle but do no damage.
The gargoyle is heavily damaged.
The gargoyle hits you with a cursed -1 morningstar!!
* * * LOW HITPOINT WARNING * * *
As you read the scroll of teleportation, it crumbles to dust.
You feel strangely unstable.
The gargoyle hits you with a cursed -1 morningstar!!
You die...

...>.. ...# .... ...#
#..# #..# # #..# #..# #.
#..# #..#
###..#####..####..######
................(.......
.......@9.....((........
.....#####.(.(...(####..
... #........# #.) .
#........# #))
####........####.)
...(............). #..
.................. #..#
#..#######.......( #..#
#..# #รท.......


You could see a gargoyle.

Vanquished Creatures
  4 two-headed ogres (D:9)
  An unseen horror (D:8)
  A manticore (D:11)
  A troll (D:9)
  Sigmund (D:4)
  A hippogriff (D:9)
  A wraith (D:10)
  4 hogs (D:7)
  A human (D:7)
  A hungry ghost (D:11)
  3 water moccasins (D:9)
  2 sky beasts (D:5)
  2 orc warriors
  4 phantoms
  An ice beast (D:5)
  5 centaurs
  3 ogres
  A big kobold (D:11)
  6 bullfrogs
  2 scorpions
  A water moccasin skeleton (D:9)
  4 wights (D:9)
  6 howler monkeys
  3 bullfrog zombies
  4 crimson imps
  7 hounds
  A quasit (D:8)
  3 jellies
  2 bullfrog skeletons
  2 orc priests (D:6)
  12 orc wizards
  4 iguanas
  6 worker ants
  A hound skeleton (D:5)
  A howler monkey zombie (D:6)
  2 worker ant zombies
  13 gnolls
  A howler monkey skeleton (D:6)
  20 adders
  2 shadow imps
  4 oozes
  2 adder zombies
  2 adder skeletons
  2 worms
  A dart slug (D:1)
  6 leopard geckos
  32 orcs
  6 giant cockroaches
  12 goblins
  8 hobgoblins
  14 jackals
  3 quokkas
  7 ball pythons
  A ball python skeleton (D:6)
  6 bats
  5 frilled lizards
  10 kobolds
  2 leopard gecko skeletons (D:4)
  2 quokka skeletons
  A quokka zombie (D:9)
  7 rats
273 creatures vanquished.

Notes
Turn   | Place    | Note
-------+----------+-------------------------------------------
     0 | D:1      | Oravi the Vine Stalker Hunter began the quest for the Orb.
     0 | D:1      | Reached XP level 1. HP: 11/11 MP: 2/2
    35 | D:1      | Reached XP level 2. HP: 15/15 MP: 3/3
   131 | D:1      | Reached skill level 1 in Short Blades
   256 | D:1      | Reached XP level 3. HP: 18/18 MP: 4/4
   991 | D:2      | Gained mutation: Your natural rate of healing is unusually
                  | fast. [Vine Stalker growth]
   991 | D:2      | Reached XP level 4. HP: 20/23 MP: 5/5
  1013 | D:2      | Reached skill level 1 in Throwing
  1389 | D:2      | Reached XP level 5. HP: 27/27 MP: 6/6
  1831 | D:3      | Reached XP level 6. HP: 28/32 MP: 4/7
  2755 | D:4      | Noticed Sigmund
  2821 | D:3      | Reached skill level 1 in Armour
  3171 | D:4      | Reached XP level 7. HP: 35/35 MP: 8/8
  3775 | D:4      | Noticed an angel
  3818 | D:4      | Found a glowing silver altar of Zin.
  3917 | D:4      | Killed Sigmund
  4125 | D:4      | Found a runed translucent door.
  4126 | D:4      | Noticed Crazy Yiuf
  4161 | D:4      | Found a shimmering altar of Xom.
  4241 | D:4      | Gained mutation: You have razor-sharp teeth. [Vine Stalker
                  | growth]
  4241 | D:4      | Reached XP level 8. HP: 39/40 MP: 7/9
  4484 | D:5      | Entered Level 5 of the Dungeon
  4608 | D:5      | Found a staircase to the Ecumenical Temple.
  4664 | D:5      | Reached skill level 5 in Stealth
  4766 | D:5      | Reached skill level 5 in Short Blades
  4849 | Temple   | Entered the Ecumenical Temple
  4915 | Temple   | Became a worshipper of Uskayaw the Reveler
  5047 | D:5      | Reached * piety under Uskayaw
  5096 | D:5      | Reached ** piety under Uskayaw
  5105 | D:5      | Reached *** piety under Uskayaw
  5137 | D:5      | Reached skill level 1 in Invocations
  5423 | D:5      | Found a snail-covered altar of Cheibriados.
  5446 | D:5      | Found an ancient bone altar of Kikubaaqudgha.
  5447 | D:5      | Found a sparkling altar of Nemelex Xobeh.
  5454 | D:5      | Reached skill level 2 in Invocations
  5697 | D:6      | Reached XP level 9. HP: 44/46 MP: 9/11
  5711 | D:6      | Reached **** piety under Uskayaw
  5723 | D:6      | Reached ***** piety under Uskayaw
  5838 | D:6      | Reached skill level 3 in Invocations
  5872 | D:6      | Found a shattered altar of Ashenzari.
  5987 | D:5      | Reached skill level 4 in Invocations
  6336 | D:6      | Reached skill level 5 in Invocations
  6542 | D:7      | Reached skill level 6 in Invocations
  6585 | D:7      | Found a blossoming altar of Fedhas.
  7032 | D:7      | Reached skill level 7 in Invocations
  7652 | D:7      | Reached XP level 10. HP: 16/51 MP: 5/16
  7859 | D:7      | Reached skill level 8 in Invocations
  8761 | D:8      | Killed an unseen horror
  9231 | D:9      | Found Wam Yrae's Serpentskin Sales.
  9242 | D:9      | Reached skill level 5 in Fighting
  9252 | D:9      | Bought a +1 dagger of venom for 112 gold pieces
  9252 | D:9      | Bought 15 poisoned darts for 72 gold pieces
  9252 | D:9      | Bought 15 poisoned darts for 72 gold pieces
  9252 | D:9      | Bought 8 curare-tipped darts for 57 gold pieces
  9301 | D:9      | Noticed a two-headed ogre
  9321 | D:9      | Killed a two-headed ogre
  9321 | D:9      | Reached skill level 9 in Invocations
  9413 | D:9      | Noticed a two-headed ogre
  9443 | D:9      | Killed a two-headed ogre
  9548 | D:9      | Reached XP level 11. HP: 46/56 MP: 13/18
 10206 | D:10     | Entered Level 10 of the Dungeon
 10208 | D:10     | Noticed a two-headed ogre
 10267 | D:10     | Reached skill level 5 in Throwing
 10327 | D:9      | Killed a two-headed ogre
 10481 | D:10     | Noticed a two-headed ogre
 10517 | D:9      | Killed a two-headed ogre
 10918 | D:11     | Noticed a manticore
 10924 | D:11     | Killed a manticore
 11154 | D:11     | Slain by a gargoyle

Levels and vault maps discovered:
D:1:      dpeg_arrival_rhombi, layout_loops_ring, minmay_tetromino_i2
D:2:      layout_loops_ring, minivault_25, minmay_snake_closets
D:3:      layout_basic
D:4:      layout_gridville, grunt_temple_overflow_order_and_chaos_1,
          uniq_crazy_yiuf_cottage, uniq_sigmund
D:5:      layout_rooms, grunt_temple_overflow_open,
          minmay_temple_entry_large_hall, first_ration, st_stairs_2,
          minmay_misc_feat_square
D:6:      layout_rooms, basic_altar, serial_undead, serial_undead_d,
          serial_undead_f, serial_undead_b, serial_undead_a
D:7:      layout_layer_cave, basic_altar, grunt_livestock
D:8:      layout_basic
D:9:      layout_stronghold, lightli_bailey_entry_fortress, guppyfry_shop_venom
D:10:     layout_rooms
D:11:     layout_small_grid, david_lair_generic, minmay_misc_feat_columns
Temple:   minmay_crystal_spiral_temple

Skill      XL: |  1  2  3  4  5  6  7  8  9 10 11 |
---------------+----------------------------------+-----
Short Blades   | 1 2 3 4 5 6 7 |  7.8
Fighting       | 2 3 4 5 |  5.7
Stealth        | 2 3 4 5 6 7 |  7.8
Dodging        | 2 3 4 |  4.0
Throwing       | 1 2 3 4 5 |  5.2
Armour         | 1 2 3 |  3.2
Invocations    | 2 7 9 |  9.7
Slings         | |  3.6

Action                   |  1- 3 |  4- 6 |  7- 9 | 10-12 || total
-------------------------+-------+-------+-------+-------++-------
Melee: Short sword       |    35 |    83 |   181 |   113 ||   412
       Bite              |     9 |    21 |    51 |    81 ||   162
       Dagger            |       |       |       |    92 ||    92
 Fire: Hunting sling     |    63 |   173 |   357 |   242 ||   835
Throw: Dart              |       |       |    41 |    71 ||   112
       Throwing net      |       |       |       |     1 ||     1
  Use: Scroll            |       |     9 |     9 |     4 ||    22
 Stab: Sleeping          |     1 |       |     1 |     2 ||     4
       Paralysed         |       |       |     8 |     3 ||    11
       Distracted        |       |       |     1 |       ||     1
  Eat: Chunk             |       |     7 |    13 |    13 ||    33
Armor: Leather armour    |    11 |    19 |    12 |    62 ||   104
       Robe              |       |       |    26 |       ||    26
Dodge: Dodged            |    36 |    98 |   205 |   133 ||   472
